 Dungeon Crawl Stone Soup version 0.30-a0-591-g3c58d2bc28 (webtiles) character file.

Game seed: 14430239956383763671

371 wormed the Changer (level 6, -4/41 HPs)
             Began as an Octopode Transmuter on Jan 5, 2023.
             Was a Believer of Makhleb.
             Slain by a water moccasin zombie (5 damage)
             ... in an ossuary.
             The game lasted 00:06:10 (4274 turns).

wormed the Changer (Octopode Transmuter)            Turns: 4274, Time: 00:06:10

Health: -4/41      AC:  1    Str:  9    XL:     6   Next: 70%
Magic:  10/10      EV: 13    Int: 18    God:    Makhleb [**....]
Gold:   228        SH:  0    Dex: 12    Spells: 3/10 levels left

rFire   . . .      SeeInvis .      - Unarmed
rCold   . . .      Faith    .    (no shield)
rNeg    . . .      Spirit   .    (helmet restricted)
rPois   .          Reflect  .    (no amulet)
rElec   .          Harm     .    (no ring)
rCorr   .          Rampage  .    (no ring)
Will    .....                    (no ring)
Stlth   ++                       (no ring)
HPRegen 0.26/turn                (no ring)
MPRegen 0.12/turn                (no ring)
                                 (no ring)
                                 (no ring)

@: silenced
A: almost no armour, amphibious, 8 rings, camouflage 1, gelatinous body 1,
(nimble swimmer 1), tentacles
a: Renounce Religion


You were in an ossuary.
You worshipped Makhleb.
Makhleb was pleased with you.
You visited 1 branch of the dungeon, and saw 4 of its levels.
You also visited: Ossuary.

You collected 228 gold pieces.

Inventory:

Wands
 h - a wand of mindburst (12)
Scrolls
 f - a scroll of blinking {unknown}
 g - 2 scrolls of identify {unknown}
 j - a scroll of vulnerability {unknown}
 l - a scroll of enchant weapon {unknown}
Potions
 c - a potion of haste {unknown}
 i - 2 potions of cancellation {unknown}
 m - a potion of mutation {unknown}


   Skills:
 + Level 2.5 Fighting
 + Level 3.1 Dodging
 + Level 3.9 Unarmed Combat
 + Level 2.8 Spellcasting
 * Level 4.1 Transmutations
 + Level 2.0 Ice Magic


You had 3 spell levels left.
You knew the following spells:

 Your Spells              Type           Power      Damage    Failure   Level
a - Beastly Appendage     Tmut           34%        N/A       3%          1
b - Wereblood             Tmut           17%        N/A       4%          2
c - Ice Form              Ice/Tmut       13%        N/A       41%         4

Your spell library contained the following spells:

 Spells                   Type           Power      Damage    Failure   Level
 Magic Dart               Conj           8%         1d3       17%         1
 Spider Form              Tmut/Pois      10%        N/A       22%         3
 Call Imp                 Summ           2%         N/A       26%         2
 Searing Ray              Conj           4%         2d4       26%         2
 Ignite Poison            Fire/Tmut/Pois 7%         N/A       28%         3
 Kindle Blastsparks       Fire/Tloc/Air  4%         2d10      45%         3
 Mephitic Cloud           Conj/Pois/Air  2%         N/A       45%         3
 Fulminant Prism          Conj/Hex       1%         3d5       86%         4
 Yara's Violent Unravell  Hex/Tmut       5%         3d4       89%         5
 Freezing Cloud           Conj/Ice/Air   2%         6-21      98%         5
 Enfeeble                 Hex            1%         N/A       100%        7


Dungeon Overview and Level Annotations

Branches:
Dungeon (4/15)            Ossuary (1/1)
 Temple: D:4-7

Altars:
Hepliaklqana
Makhleb
Ru

Annotations:
D:3 Sigmund
D:4 Edmund


Innate Abilities, Weirdness & Mutations

You cannot wear most types of armour.
You are amphibious.
You can wear up to eight rings at the same time.
Your skin changes colour to match your surroundings (Stealth+).
Your rubbery body absorbs attacks. (AC +1, EV +1)
((You are camouflaged when in or above water. (Stealth+)))
You have tentacles for arms and can constrict up to eight enemies at once.


Message History

The centaur zombie barely misses you. The centaur zombie kicks you.
The water moccasin zombie closely misses you.
The water moccasin zombie barely misses you. x2
The centaur zombie hits you. The centaur zombie misses you.
The water moccasin zombie closely misses you.
The water moccasin zombie bites you.
The water moccasin zombie attacks as you move away!
The water moccasin zombie bites you.
* * * LOW HITPOINT WARNING * * *
The centaur zombie hits you.
* * * LOW HITPOINT WARNING * * *
The centaur zombie kicks you.
* * * LOW HITPOINT WARNING * * *
The water moccasin zombie bites you.
* * * LOW HITPOINT WARNING * * *
It was a potion of curing.
You feel better.
The centaur zombie barely misses you. x2; The water moccasin zombie bites you.
* * * LOW HITPOINT WARNING * * *
The water moccasin zombie closely misses you.
You feel better. The centaur zombie hits you.
* * * LOW HITPOINT WARNING * * *
The centaur zombie kicks you.
* * * LOW HITPOINT WARNING * * *
The water moccasin zombie closely misses you.
The water moccasin zombie bites you.
* * * LOW HITPOINT WARNING * * *
The centaur zombie misses you. The centaur zombie kicks you.
* * * LOW HITPOINT WARNING * * *
You feel better.
The water moccasin zombie completely misses you.
The water moccasin zombie bites you!
* * * LOW HITPOINT WARNING * * *
The centaur zombie hits you.
* * * LOW HITPOINT WARNING * * *
The centaur zombie kicks you.
* * * LOW HITPOINT WARNING * * *
You open the door.
A wight comes into view. It is wielding a +5 dagger of freezing.
The water moccasin zombie bites you.
You die...

###...# #...### #.....## ∩?
##.....# #......# ?!
#......# #......## ?!
##......# #.......## z#
##.......# #....8...###
.####...8....#
#...8#8..ZZ##.##....8#8...#
#....8....ZZ#'#......8....#
#.........ZZ@.#...........#
##........ZZ..#..........##
##...........#.........##
##..........#........##
############'''######
#∩....# #∩....# #######


You could see a wight, an adder zombie, 3 water moccasin zombies, a goblin
zombie, a gnoll zombie and 2 centaur zombies.

Vanquished Creatures
  A water moccasin zombie (Ossuary)
  A bullfrog zombie (Ossuary)
  4 centaur zombies (Ossuary)
  A human zombie (Ossuary)
  An adder (D:3)
  3 adder zombies (Ossuary)
  2 worms (D:2)
  A dart slug (D:2)
  6 bats
  9 endoplasms
  5 giant cockroaches
  9 goblins
  9 hobgoblins
  5 kobolds
  4 quokkas
  11 ball pythons
  4 frilled lizards (D:1)
  2 gnoll zombies (Ossuary)
  3 goblin zombies (Ossuary)
  4 hobgoblin zombies (Ossuary)
  3 orc zombies (Ossuary)
  6 rats
94 creatures vanquished.

Notes
Turn   | Place    | Note
-------+----------+-------------------------------------------
     0 | D:1      | wormed the Octopode Transmuter began the quest for the Orb.
     0 | D:1      | Reached XP level 1. HP: 13/13 MP: 3/3
   490 | D:1      | Reached XP level 2. HP: 10/18 MP: 3/5
   781 | D:1      | Reached XP level 3. HP: 23/23 MP: 4/6
  1044 | D:1      | Found a faded altar of an unknown god.
  1598 | D:1      | Prayed at the altar of an unknown god.
  1598 | D:1      | Became a worshipper of Makhleb the Destroyer
  1598 | D:1      | Reached * piety under Makhleb
  1894 | D:2      | Reached skill level 3 in Transmutations
  2070 | D:2      | Reached XP level 4. HP: 28/28 MP: 5/7
  2141 | D:2      | Reached skill level 1 in Ice Magic
  2545 | D:3      | Found a hazy altar of Hepliaklqana.
  2752 | D:3      | Reached ** piety under Makhleb
  2950 | D:3      | Noticed Sigmund
  2980 | D:4      | Noticed Edmund
  3524 | D:4      | Found a sacrificial altar of Ru.
  3578 | D:4      | Found a sand-covered staircase.
  3601 | Ossuary  | Entered an ossuary
  3617 | Ossuary  | Learned a level 2 spell: Wereblood
  3622 | Ossuary  | Learned a level 4 spell: Ice Form
  3681 | Ossuary  | Reached XP level 5. HP: 34/34 MP: 5/8
  3832 | Ossuary  | Reached XP level 6. HP: 25/39 MP: 5/9
  3913 | Ossuary  | Reached skill level 4 in Transmutations
  4154 | Ossuary  | HP: 2/41 [gnoll zombie (4)]
  4273 | Ossuary  | HP: 1/41 [centaur zombie (2)]
  4274 | Ossuary  | Slain by a water moccasin zombie

Illustrated notes

Levels and vault maps discovered:
D:1:      dpeg_arrival_circle_labyrinth_c, layout_loops_ring,
          shapermc_ecumenical_altar_starsandcircs, minmay_misc_feat_alley,
          minmay_unequal
D:2:      layout_basic
D:3:      cheibrodos_old_hovel, layout_loops_ring,
          mainiacjoe_overflow_surrounded_room, minmay_misc_feat_x,
          roderic_lattice_a, minmay_increasing_density, uniq_sigmund
D:4:      layout_loops_corners, lemuel_tele_altar, mainiacjoe_overflow_paths,
          lightli_ossuary_entry_decrepit_ruins, minmay_crystal_room,
          uniq_edmund, uniq_eustachio, uniq_grinder
Ossuary:  ossuary_hellmonk_silent_tomb

Skill      XL: |  1  2  3  4  5  6 |
---------------+-------------------+-----
Transmutations | 3 4 |  4.1
Ice Magic      | 1 2 |  2.0
Fighting       | 2 |  2.5
Dodging        | 3 |  3.1
Unarmed Combat | |  3.9
Spellcasting   | |  2.8

Action                   |  1- 3 |  4- 6 || total
-------------------------+-------+-------++-------
Melee: Unarmed           |    92 |   141 ||   233
       Constrict         |    25 |    28 ||    53
       Kick              |    27 |    53 ||    80
       Tentacles         |    18 |    29 ||    47
       Punch             |     1 |     5 ||     6
 Cast: Beastly Appendage |    30 |    26 ||    56
       Wereblood         |       |     8 ||     8
  Use: Scroll            |     3 |     1 ||     4
       Potion            |       |     8 ||     8
 Stab: Sleeping          |     5 |     7 ||    12
Armor: Skin              |     3 |    44 ||    47
Dodge: Dodged            |    58 |   157 ||   215

Table legend: (Time is in decaauts)
 A = Elapsed time spent in this place.
 B = Non-inter-level travel time spent in this place.
 C = Inter-level travel time spent in this place.
 D = Time resting spent in this place.
 E = Time spent auto-exploring this place.
 F = Levels seen in this place.
 G = Mean time per level.
                   A        B        C        D        E       F      G
               +--------+--------+--------+--------+--------+-----+--------+
         Total |   4259 |   3897 |    362 |    380 |   2676 |   5 |  851.8 |
       Dungeon |   3592 |   3230 |    362 |    204 |   2415 |   4 |  898.0 |
       Ossuary |    667 |    667 |      0 |    176 |    261 |   1 |  667.0 |
               +--------+--------+--------+--------+--------+-----+--------+

Top non-repeatable levels by time:
     D:1: 1679 daAuts
     D:3: 976 daAuts
     D:2: 842 daAuts
 Ossuary: 667 daAuts
     D:4: 93 daAuts
